TOP OF THE 1ST |
Colorado (DSL) Rockies 1 batting - Pitching for Detroit (DSL) Tigers 1 : LHP Manuel Medina
|
Pitching: LHP Manuel Medina
|
|
Batting: RHB Juan Trinidad
|
0-0: Swinging Strike 0-1: Ball 1-1: DOUBLE (Line Drive, 9LM, EV 110.0 MPH)
|
Batting: RHB Adrian Pinto
|
0-0: Ball 1-0: Called Strike 1-1: Ground out 5-3 (Groundball, 5, EV 90.6 MPH)
|
Batting: LHB Luis Mendez
|
0-0: Foul Ball, location: 2F 0-1: Called Strike 0-2: Fly out, F3 (Popup, 3SF, EV 79.4 MPH)
|
Batting: RHB Elian Roman
|
0-0: Ground out 3-1 (Groundball, 3S, EV 73.8 MPH)
|
Top of the 1st over - 0 runs, 1 hit, 0 errors, 1 left on base; Colorado (DSL) 0 - Detroit (DSL) 0 |
BOTTOM OF THE 1ST |
Detroit (DSL) Tigers 1 batting - Pitching for Colorado (DSL) Rockies 1 : RHP Edward Navarro
|
Pitching: RHP Edward Navarro
|
|
Batting: LHB Andri Leon
|
0-0: Ground out 1-3 (Groundball, P, EV 62.5 MPH)
|
Batting: SHB Rayber Romero
|
0-0: Swinging Strike 0-1: Foul Ball, location: 2F 0-2: Ball 1-2: Foul Ball, location: 2F 1-2: SINGLE (Groundball, 34D, EV 95.6 MPH)
|
Batting: LHB Alex Henson
|
0-0: Ball 1-0: Ball 2-0: Fly out, F7 (Flyball, 7LM, EV 91.9 MPH)
|
Batting: SHB Franklin de la Cruz
|
0-0: Swinging Strike 0-1: Swinging Strike 0-2: Strikes out swinging
|
Bottom of the 1st over - 0 runs, 1 hit, 0 errors, 1 left on base; Colorado (DSL) 0 - Detroit (DSL) 0 |
TOP OF THE 2ND |
Colorado (DSL) Rockies 1 batting - Pitching for Detroit (DSL) Tigers 1 : LHP Manuel Medina
|
Batting: RHB Pietro Vitagliano
|
0-0: Ball 1-0: Called Strike 1-1: Ball 2-1: Swinging Strike 2-2: Ground out 5-3 (Groundball, 5, EV 75.6 MPH)
|
Batting: RHB Jack Ward
|
0-0: Ball 1-0: Ball 2-0: Called Strike 2-1: DOUBLE (Flyball, 89D, EV 108.1 MPH)
|
Batting: RHB Joel Mendez
|
0-0: Ball 1-0: Ground out 1-3 (Groundball, 13S, EV 61.2 MPH) Jack Ward to third
|
Batting: SHB Alex Ortiz
|
0-0: Ball 1-0: Foul Ball, location: 2F 1-1: Ball 2-1: Swinging Strike 2-2: Foul Ball, location: 2F 2-2: Foul Ball, location: 2F 2-2: Ball 3-2: Foul Ball, location: 2F 3-2: Ground out 6-3 (Groundball, 6, EV 103.8 MPH)
|
Top of the 2nd over - 0 runs, 1 hit, 0 errors, 1 left on base; Colorado (DSL) 0 - Detroit (DSL) 0 |
BOTTOM OF THE 2ND |
Detroit (DSL) Tigers 1 batting - Pitching for Colorado (DSL) Rockies 1 : RHP Edward Navarro
|
Batting: RHB Kevin Carter
|
0-0: Ball 1-0: Foul Ball, location: 2F 1-1: Ball 2-1: SINGLE (Groundball, 34D, EV 98.8 MPH)
|
Batting: RHB Abelaldo Lopez
|
0-0: Ball 1-0: Ball 2-0: Called Strike 2-1: Called Strike 2-2: Ball 3-2: Fielders Choice at 2nd, 1-6 (Groundball, 23, EV 65.6 MPH)
|
Batting: RHB Manuel Sequera
|
0-0: Ball 1-0: Called Strike 1-1: Called Strike 1-2: Foul Ball, location: 2F 1-2: Foul Ball, location: 2F 1-2: Strikes out swinging
|
Batting: RHB Troy Mitchner
|
Pickoff Throw to First - Out! 1-3
|
Bottom of the 2nd over - 0 runs, 1 hit, 0 errors, 0 left on base; Colorado (DSL) 0 - Detroit (DSL) 0 |
TOP OF THE 3RD |
Colorado (DSL) Rockies 1 batting - Pitching for Detroit (DSL) Tigers 1 : LHP Manuel Medina
|
Batting: RHB Ivan Fernandez
|
0-0: Fly out, F2 (Popup, 23F, EV 80.0 MPH)
|
Batting: RHB Juan Trinidad
|
0-0: Called Strike
|
|
|
|
0-1: Ground out 4-3 (Groundball, 4, EV 83.1 MPH)
|
Batting: RHB Adrian Pinto
|
0-0: Ball 1-0: Called Strike 1-1: Ball 2-1: Foul Ball, location: 2F 2-2: TRIPLE (Flyball, 89XD, EV 100.6 MPH)
|
Batting: LHB Luis Mendez
|
0-0: Ball 1-0: Foul Ball, location: 2F 1-1: Called Strike 1-2: Strikes out swinging
|
Top of the 3rd over - 0 runs, 1 hit, 0 errors, 1 left on base; Colorado (DSL) 0 - Detroit (DSL) 0 |
BOTTOM OF THE 3RD |
Detroit (DSL) Tigers 1 batting - Pitching for Colorado (DSL) Rockies 1 : RHP Edward Navarro
|
Batting: RHB Troy Mitchner
|
0-0: Ball 1-0: Ball 2-0: Fly out, F8 (Flyball, 8LXD, EV 93.8 MPH)
|
Batting: RHB Jim Unknown
|
0-0: Ball 1-0: Ball 2-0: Ground out 4-3 (Groundball, 4, EV 86.9 MPH)
|
Batting: LHB Andri Leon
|
0-0: Ball 1-0: Ground out 4-3 (Groundball, 34, EV 103.1 MPH)
|
Bottom of the 3rd over - 0 runs, 0 hits, 0 errors, 0 left on base; Colorado (DSL) 0 - Detroit (DSL) 0 |
TOP OF THE 4TH |
Colorado (DSL) Rockies 1 batting - Pitching for Detroit (DSL) Tigers 1 : LHP Manuel Medina
|
Batting: RHB Elian Roman
|
0-0: Ground out 6-3 (Groundball, 6, EV 85.6 MPH)
|
Batting: RHB Pietro Vitagliano
|
0-0: Foul Ball, location: 2F 0-1: Ball 1-1: Foul Ball, location: 2F 1-2: Ball 2-2: Foul Ball, location: 2F 2-2: SINGLE (Line Drive, 89M, EV 100.0 MPH)
|
Batting: RHB Jack Ward
|
0-0: Swinging Strike 0-1: Ball 1-1: Fielders Choice at 2nd, 6-4 (Groundball, 6, EV 86.2 MPH)
|
Batting: RHB Joel Mendez
|
0-0: Ball 1-0: Foul Ball, location: 2F 1-1: Ball Jack Ward steals 2nd base 2-1: Fly out, F7 (Flyball, 7S, EV 68.1 MPH)
|
Top of the 4th over - 0 runs, 1 hit, 0 errors, 1 left on base; Colorado (DSL) 0 - Detroit (DSL) 0 |
BOTTOM OF THE 4TH |
Detroit (DSL) Tigers 1 batting - Pitching for Colorado (DSL) Rockies 1 : RHP Edward Navarro
|
Batting: SHB Rayber Romero
|
0-0: Ball 1-0: Ball 2-0: Ball 3-0: Called Strike 3-1: Fly out, F8 (Flyball, 8LXD, EV 102.5 MPH)
|
Batting: LHB Alex Henson
|
0-0: Called Strike 0-1: Foul Ball, location: 2F 0-2: Ball 1-2: SINGLE (Line Drive, 78M, EV 102.5 MPH)
|
Batting: SHB Franklin de la Cruz
|
0-0: Ball 1-0: Ball 2-0: Called Strike 2-1: Ball 3-1: Base on Balls Alex Henson to second
|
Batting: RHB Kevin Carter
|
0-0: Called Strike 0-1: Ball 1-1: Called Strike 1-2: Fielders Choice at 2nd, 2-4 (Groundball, 15S, EV 68.1 MPH) Alex Henson to third
|
Batting: RHB Abelaldo Lopez
|
0-0: Ball 1-0: Called Strike 1-1: Foul Ball, location: 2F 1-2: Fly out, F8 (Flyball, 8RM, EV 95.0 MPH)
|
Bottom of the 4th over - 0 runs, 1 hit, 0 errors, 2 left on base; Colorado (DSL) 0 - Detroit (DSL) 0 |
TOP OF THE 5TH |
Colorado (DSL) Rockies 1 batting - Pitching for Detroit (DSL) Tigers 1 : LHP Manuel Medina
|
Batting: SHB Alex Ortiz
|
0-0: Swinging Strike 0-1: Ball 1-1: Foul Ball, location: 2F 1-2: Foul Ball, location: 2F 1-2: Foul Ball, location: 2F 1-2: Ball 2-2: Strikes out swinging
|
Batting: RHB Ivan Fernandez
|
0-0: Foul Ball, location: 2F 0-1: Foul Ball, location: 2F 0-2: Strikes out swinging
|
Batting: RHB Juan Trinidad
|
0-0: Foul Ball, location: 2F 0-1: Foul Ball, location: 2F 0-2: Foul Ball, location: 2F 0-2: SINGLE (Line Drive, 9S, EV 94.4 MPH)
|
Batting: RHB Adrian Pinto
|
0-0: SINGLE (Groundball, 56, EV 103.8 MPH) (infield hit) Juan Trinidad to second
|
Batting: LHB Luis Mendez
|
0-0: Ball 1-0: Ball 2-0: Called Strike 2-1: Ground out 1-3 (Groundball, 13S, EV 69.4 MPH)
|
Top of the 5th over - 0 runs, 2 hits, 0 errors, 2 left on base; Colorado (DSL) 0 - Detroit (DSL) 0 |
BOTTOM OF THE 5TH |
Detroit (DSL) Tigers 1 batting - Pitching for Colorado (DSL) Rockies 1 : RHP Edward Navarro
|
Batting: RHB Manuel Sequera
|
0-0: Ball 1-0: Ball 2-0: Foul Ball, location: 2F 2-1: Called Strike 2-2: Foul Ball, location: 2F 2-2: Foul Ball, location: 2F 2-2: Strikes out swinging
|
Batting: RHB Troy Mitchner
|
0-0: Ball 1-0: Called Strike 1-1: TRIPLE (Flyball, 9D, EV 106.2 MPH)
|
Batting: RHB Jim Unknown
|
0-0: Called Strike 0-1: Ball 1-1: Ball 2-1: Foul Ball, location: 2F 2-2: Fly out, F6 (Popup, 4MD, EV 67.5 MPH)
|
Batting: LHB Andri Leon
|
0-0: Foul Ball, location: 2F 0-1: Foul Ball, location: 2F 0-2: Ball 1-2: Ball 2-2: Ball 3-2: Fly out, F7 (Line Drive, 7, EV 92.5 MPH)
|
Bottom of the 5th over - 0 runs, 1 hit, 0 errors, 1 left on base; Colorado (DSL) 0 - Detroit (DSL) 0 |
TOP OF THE 6TH |
Colorado (DSL) Rockies 1 batting - Pitching for Detroit (DSL) Tigers 1 : LHP Manuel Medina
|
Batting: RHB Elian Roman
|
0-0: Ball 1-0: Called Strike 1-1: Ground out 5-3 (Groundball, 56S, EV 68.8 MPH)
|
Batting: RHB Pietro Vitagliano
|
0-0: Reached on error, E9 (Flyball, 9S, EV 83.8 MPH)
|
Batting: RHB Jack Ward
|
0-0: Foul Ball, location: 2F 0-1: Ball 1-1: Ball 2-1: Ball 3-1: Base on Balls Pietro Vitagliano to second
|
Pitching: RHP Jon Moody
|
|
Batting: RHB Joel Mendez
|
0-0: Called Strike 0-1: Ball 1-1: DOUBLE (Line Drive, 78M, EV 110.0 MPH) Pietro Vitagliano scores Jack Ward to third
|
Batting: SHB Alex Ortiz
|
0-0: Intentional Walk
|
Batting: RHB Ivan Fernandez
|
0-0: Fly out, F7 (Flyball, 7S, EV 91.2 MPH)
|
Batting: RHB Juan Trinidad
|
0-0: Ball 1-0: Foul Ball, location: 2F 1-1: Ball 2-1: Fly out, F7 (Flyball, 7LD, EV 94.4 MPH)
|
Top of the 6th over - 1 run, 1 hit, 1 error, 3 left on base; Colorado (DSL) 1 - Detroit (DSL) 0 |
BOTTOM OF THE 6TH |
Detroit (DSL) Tigers 1 batting - Pitching for Colorado (DSL) Rockies 1 : RHP Edward Navarro
|
Batting: SHB Rayber Romero
|
0-0: Ball 1-0: Ball 2-0: Ball 3-0: Base on Balls
|
Batting: LHB Alex Henson
|
0-0: Ball 1-0: Ball 2-0: Ball 3-0: Called Strike 3-1: Called Strike 3-2: Ground out U3 (Groundball, 34, EV 96.9 MPH) Rayber Romero to second
|
Batting: SHB Franklin de la Cruz
|
0-0: Foul Ball, location: 2F 0-1: Foul Ball, location: 2F 0-2: SINGLE (Flyball, 89S, EV 90.6 MPH) Rayber Romero to third Runner from 3rd tries for Home, SAFE, throw by CF to home
|
Batting: RHB Kevin Carter
|
0-0: Swinging Strike 0-1: Ball 1-1: Foul Ball, location: 2F 1-2: Ball 2-2: Ball 3-2: DOUBLE (Line Drive, 7LM, EV 105.6 MPH) Franklin de la Cruz to third Runner from 3rd tries for Home, SAFE, no throw by LF
|
Pitching: LHP Isaias Uribe
|
|
Batting: RHB Abelaldo Lopez
|
0-0: Ball 1-0: Ball 2-0: Ball 3-0: Base on Balls
|
Batting: RHB Manuel Sequera
|
0-0: Called Strike 0-1: Ball 1-1: Called Strike 1-2: SINGLE (Groundball, 6MD, EV 105.6 MPH) Kevin Carter to third Abelaldo Lopez to second
|
Batting: RHB Troy Mitchner
|
0-0: Called Strike 0-1: Ball 1-1: Foul Ball, location: 2F 1-2: Strikes out swinging
|
Batting: RHB Jim Unknown
|
0-0: Ball 1-0: Ball 2-0: SINGLE (Groundball, 6MD, EV 97.5 MPH) Kevin Carter scores Abelaldo Lopez to third Manuel Sequera to second Runner from 3rd tries for Home, SAFE, throw by CF to home
|
Batting: LHB Andri Leon
|
0-0: Ball 1-0: Foul Ball, location: 2F 1-1: Ball 2-1: Ball 3-1: Ground out U3 (Groundball, 3L, EV 103.1 MPH)
|
Bottom of the 6th over - 4 runs, 4 hits, 0 errors, 2 left on base; Colorado (DSL) 1 - Detroit (DSL) 4 |
TOP OF THE 7TH |
Colorado (DSL) Rockies 1 batting - Pitching for Detroit (DSL) Tigers 1 : RHP Jon Moody
|
Batting: RHB Adrian Pinto
|
0-0: Ball 1-0: SOLO HOME RUN (Flyball, 7D, EV 98.1 MPH), Distance : 371 ft
|
Batting: LHB Luis Mendez
|
0-0: Ball 1-0: Swinging Strike 1-1: Foul Ball, location: 2F 1-2: Ground out 4-3 (Groundball, 13, EV 83.1 MPH)
|
Batting: RHB Elian Roman
|
0-0: Ball 1-0: Ball 2-0: Called Strike 2-1: Foul Ball, location: 2F 2-2: Foul Ball, location: 2F 2-2: Ball 3-2: Foul Ball, location: 2F 3-2: Foul Ball, location: 2F 3-2: Base on Balls
|
Batting: RHB Pietro Vitagliano
|
0-0: Ball 1-0: Called Strike 1-1: Ball Elian Roman is caught stealing 2nd base 2-4 2-1: Foul Ball, location: 2F 2-2: Ground out 6-3 (Groundball, 6, EV 85.6 MPH)
|
Top of the 7th over - 1 run, 1 hit, 0 errors, 0 left on base; Colorado (DSL) 2 - Detroit (DSL) 4 |
BOTTOM OF THE 7TH |
Detroit (DSL) Tigers 1 batting - Pitching for Colorado (DSL) Rockies 1 : LHP Isaias Uribe
|
Batting: SHB Rayber Romero
|
0-0: Swinging Strike 0-1: Ball 1-1: Foul Ball, location: 2F 1-2: Strikes out swinging
|
Pitching: LHP Jesus Pulido
|
|
Batting: LHB Alex Henson
|
0-0: Ball 1-0: Ball 2-0: Ball 3-0: Called Strike 3-1: Base on Balls
|
Batting: SHB Franklin de la Cruz
|
0-0: Called Strike 0-1: Foul Ball, location: 2F 0-2: Foul Ball, location: 2F 0-2: Ball 1-2: Foul Ball, location: 2F 1-2: DOUBLE (Groundball, 5L, EV 105.0 MPH) Alex Henson to third
|
Batting: RHB Kevin Carter
|
0-0: Ball 1-0: Ball 2-0: Ball 3-0: Base on Balls
|
Batting: RHB Abelaldo Lopez
|
0-0: SINGLE (Groundball, 4M, EV 98.8 MPH) Alex Henson scores Franklin de la Cruz to third Kevin Carter to second Runner from 3rd tries for Home, SAFE, throw by CF to home
|
Batting: RHB Manuel Sequera
|
0-0: Foul Ball, location: 2F 0-1: Ball Wild Pitch! Kevin Carter to third Abelaldo Lopez to second 1-1: Called Strike 1-2: Ground out 5-3 (Groundball, 56S, EV 87.5 MPH)
|
Pitching: RHP Melvin Robles
|
|
Batting: RHB Troy Mitchner
|
0-0: Swinging Strike 0-1: Foul Ball, location: 2F 0-2: Ball 1-2: Strikes out looking
|
Bottom of the 7th over - 2 runs, 2 hits, 0 errors, 2 left on base; Colorado (DSL) 2 - Detroit (DSL) 6 |
TOP OF THE 8TH |
Colorado (DSL) Rockies 1 batting - Pitching for Detroit (DSL) Tigers 1 : RHP Jon Moody
|
Batting: RHB Jack Ward
|
0-0: Ball 1-0: Ball 2-0: Ball 3-0: Called Strike 3-1: SINGLE (Groundball, 56S, EV 71.9 MPH) (infield hit)
|
Batting: RHB Joel Mendez
|
0-0: Foul Ball, location: 2F 0-1: Fly out, F3 (Popup, 34S, EV 73.1 MPH)
|
Batting: SHB Alex Ortiz
|
0-0: Called Strike 0-1: Foul Ball, location: 2F 0-2: Ball 1-2: Ball 2-2: Fielders Choice at 2nd, 3-6 (Groundball, 3, EV 80.6 MPH)
|
Batting: RHB Ivan Fernandez
|
0-0: Ball 1-0: Ball 2-0: Ball 3-0: Called Strike 3-1: Foul Ball, location: 2F 3-2: Base on Balls Alex Ortiz to second
|
Pitching: RHP Jaison Brete
|
|
Batting: RHB Juan Trinidad
|
0-0: Ball 1-0: Called Strike 1-1: SINGLE (Flyball, 56D, EV 93.8 MPH) Alex Ortiz to third Ivan Fernandez to second Runner from 3rd tries for Home, throw by LF and OUT! 7-2
|
Top of the 8th over - 0 runs, 2 hits, 0 errors, 2 left on base; Colorado (DSL) 2 - Detroit (DSL) 6 |
BOTTOM OF THE 8TH |
Detroit (DSL) Tigers 1 batting - Pitching for Colorado (DSL) Rockies 1 : RHP Melvin Robles
|
Batting: RHB Jim Unknown
|
0-0: Ball 1-0: Called Strike 1-1: Ball 2-1: Ball 3-1: Ground out 5-3 (Groundball, 5, EV 88.1 MPH)
|
Pitching: LHP Juan Alvarez
|
|
Batting: LHB Andri Leon
|
0-0: Called Strike 0-1: Fly out, F9 (Flyball, 9, EV 91.2 MPH)
|
Batting: SHB Rayber Romero
|
0-0: Called Strike 0-1: Ball 1-1: Called Strike 1-2: Ball 2-2: Foul Ball, location: 2F 2-2: Ball 3-2: Fly out, F8 (Flyball, 8LXD, EV 89.4 MPH)
|
Bottom of the 8th over - 0 runs, 0 hits, 0 errors, 0 left on base; Colorado (DSL) 2 - Detroit (DSL) 6 |
TOP OF THE 9TH |
Colorado (DSL) Rockies 1 batting - Pitching for Detroit (DSL) Tigers 1 : RHP Jaison Brete
|
Batting: RHB Adrian Pinto
|
0-0: Swinging Strike 0-1: Ball 1-1: Ground out 5-3 (Groundball, 56, EV 86.9 MPH)
|
Batting: LHB Luis Mendez
|
0-0: Called Strike 0-1: Ball 1-1: Called Strike 1-2: Ball 2-2: Strikes out swinging
|
Batting: RHB Elian Roman
|
0-0: Swinging Strike 0-1: Ball 1-1: Ball 2-1: Foul Ball, location: 2F 2-2: Ball 3-2: Strikes out swinging
|
Top of the 9th over - 0 runs, 0 hits, 0 errors, 0 left on base; Colorado (DSL) 2 - Detroit (DSL) 6 |
|
Tuesday, May 18th, 2021 - OOTP Baseball 21.5 Build 76
|
|